AoeStats
← tigremaster

Arena

508936445Analyzed
3v3 RM · 7d ago on Sep 24, 2026· 53m 35s· 6 players
Game mode
Random Map
Map size
Normal (6 player)
Population
200
Speed
Normal
Resources
Standard
Victory
Conquest
Starting age
Dark Age
Ending age
Imperial Age
RankedLock teamsTeams togetherTeam positionsShared explorationLock speedFull tech treeHidden civsTurbo modeCheats
Victory
Defeat
🇪🇨 Romans · Ecuador
1093
+17
🇲🇽 Franks · Mexico
1054
+19
🇭🇷 Bulgarians · Croatia
1005
+21
🇺🇸 Danes · United States
1218
-24
🇦🇷 Inca · Argentina
1143
-20
🇲🇽 Lithuanians · Mexico
970
-13
aHuRa_zg82
3:31 Loom
12:04 Feudal Age
16:05 Castle Age
14:51 Double-Bit Axe
14:48 Horse Collar
21:17 Squires
25:04 Bloodlines
25:44 Husbandry
26:23 Scale Barding Armor
27:37 Chain Barding Armor
27:22 Town Watch
28:52 Gambesons
32:27 Imperial Age
30:53 Forging
30:50 Scale Mail Armor
32:06 Wheelbarrow
31:44 Stirrups
33:18 Chain Mail Armor
34:10 Conscription
34:09 Pikeman
37:28 Heavy Scorpion
39:12 Elite Konnik
41:13 Cavalier
44:31 Halberdier
46:00 Murder Holes
46:18 Masonry
46:15 Siege Engineers
49:29 Plate Barding Armor
49:30 Iron Casting
49:26 Plate Mail Armor
50:16 Plate Mail Armor
54:29 Blast Furnace
Chinos1613
7:04 Loom
10:27 Feudal Age
13:27 Double-Bit Axe
19:25 Wheelbarrow
22:31 Castle Age
21:17 Stone Mining
21:32 Gold Mining
23:16 Husbandry
23:26 Scale Barding Armor
23:32 Forging
25:19 Iron Casting
27:39 Town Watch
32:46 Fletching
32:57 Scale Mail Armor
38:27 Imperial Age
36:26 Bodkin Arrow
36:56 Chain Barding Armor
36:32 Bodkin Arrow
38:48 Cavalier
40:56 Plate Barding Armor
44:16 Chain Mail Armor
47:00 Hand Cart
47:13 Bow Saw
47:43 Gold Shaft Mining
47:45 Paladin
50:54 Blast Furnace
51:58 Hoardings
51:44 Conscription
54:07 Squires
53:53 Gambesons
53:54 Arson
SIR LOOR FAAL
10:05 Feudal Age
18:33 Castle Age
17:25 Double-Bit Axe
17:51 Horse Collar
18:51 Pikeman
28:22 Scale Mail Armor
28:32 Forging
30:16 Squires
35:25 Imperial Age
36:00 Redemption
35:33 Halberdier
37:07 Bow Saw
38:04 Gold Mining
39:20 Scale Barding Armor
39:34 Chain Mail Armor
41:05 Chemistry
42:03 Iron Casting
44:09 Fortified Wall
45:59 Heavy Scorpion
47:02 Elite Centurion
52:00 Comitatenses
51:52 Husbandry
52:02 Bloodlines
drcardio4361
6:59 Loom
9:18 Feudal Age
12:16 Fletching
14:56 Double-Bit Axe
18:12 Horse Collar
23:38 Castle Age
24:01 Scale Mail Armor
25:36 Chain Mail Armor
27:14 Heavy Plow
29:15 Forging
29:21 Bow Saw
29:36 Gold Mining
30:11 Squires
40:57 Imperial Age
41:00 Northmen's Fury
DL | LuichiX
1:19 Loom
5:02 Loom
9:22 Feudal Age
17:32 Castle Age
17:22 Double-Bit Axe
17:28 Horse Collar
21:17 Bow Saw
28:42 Heavy Plow
29:37 Wheelbarrow
32:58 Imperial Age
30:59 Scale Barding Armor
33:46 Cavalier
35:23 Bloodlines
35:46 Gold Mining
39:24 Paladin
41:48 Husbandry
42:12 Chain Barding Armor
43:03 Forging
43:40 Plate Barding Armor
46:41 Iron Casting
47:59 Conscription
tigremaster
10:00 Feudal Age
11:36 Double-Bit Axe
15:56 Castle Age
14:07 Horse Collar
14:55 Gold Mining
17:16 Wheelbarrow
20:23 Bow Saw
21:13 Heavy Plow
22:20 Town Watch
28:29 Fletching
30:46 Padded Archer Armor
30:43 Bodkin Arrow
34:29 Imperial Age
32:55 Thumb Ring
34:52 Andean Sling
35:04 Heavy Scorpion
35:10 Capped Ram
36:16 Siege Ram
40:22 Chemistry
Connection lost

Rejoining the realm…

Still unreachable

The connection could not be restored.

Session expired

The server has moved on; the page needs a fresh start.